 Dungeon Crawl Stone Soup version 0.29-a0-716-gf28ee254f9 (webtiles) character file.

Game seed: 13965757218027177075

1490 Lekart the Cleaver (level 8, -1/70 HPs)
             Began as a Pale Draconian Fighter on June 26, 2022.
             Shot with a bolt by an orc warrior (24 damage)
             ... on level 5 of the Dungeon.
             The game lasted 00:07:00 (5863 turns).

Lekart the Cleaver (Pale Draconian Fighter)         Turns: 5863, Time: 00:07:01

Health: -1/70      AC:  6    Str: 21    XL:     8   Next: 51%
Magic:  8/8        EV: 13    Int:  9    God:
Gold:   270        SH:  4    Dex: 10    Spells: 7/7 levels left

rFire   . . .      SeeInvis .   a - +1 war axe (drain)
rCold   . . .      Faith    .   b - +0 buckler
rNeg    . . .      Spirit   .   (body armour unavailable)
rPois   .          Reflect  .   (helmet restricted)
rElec   .          Harm     .   (no cloak)
rCorr   .          Rampage  .   (no gloves)
Will    .....                   (no boots)
Stlth   +.........              (no amulet)
HPRegen 0.21/turn               (no ring)
MPRegen 0.11/turn               (no ring)

@: short of breath, flying
A: breathe steam, AC +6, unfitting armour, cold-blooded, steam resistance, big
wings
a: Breathe Steam


You were on level 5 of the Dungeon.
You visited 1 branch of the dungeon, and saw 5 of its levels.
You also visited: Sewer.

You collected 270 gold pieces.

Inventory:

Hand Weapons
 a - a +1 war axe of draining (weapon)
Missiles
 e - 2 throwing nets (quivered)
Armour
 b - a +0 buckler (worn)
Wands
 p - a wand of flame (12)
Scrolls
 f - 4 scrolls of fog
 j - 2 scrolls of silence {unknown}
 k - 5 scrolls of identify
 m - 2 scrolls of teleportation
 o - a scroll of blinking
 t - a scroll of brand weapon
Potions
 c - 4 potions of might
 d - a potion of ambrosia
 g - 5 potions of curing
 h - 2 potions of brilliance
 i - a potion of resistance
 l - 5 potions of heal wounds
 n - 2 potions of magic {unknown}
 q - a potion of attraction {unknown}
 r - a potion of flight {unknown}
 s - a potion of haste {unknown}
 u - 3 potions of invisibility {unknown}


   Skills:
 + Level 5.8 Fighting
 + Level 8.0 Axes
 + Level 5.1 Dodging
 + Level 4.3 Shields


You had 7 spell levels left.
You didn't know any spells.
Your spell library contained the following spells:

 Spells                   Type           Power      Damage    Failure   Level
 Ensorcelled Hibernation  Hex/Ice        0%         N/A       61%         2
 Spider Form              Tmut/Pois      0%         N/A       83%         3
 Anguish                  Hex/Necr       0%         N/A       99%         4


Dungeon Overview and Level Annotations

Branches:
Dungeon (5/15)              Sewer (visited)
 Temple: D:4-7

Altars:
Trog

Shops:
D:4 [


Innate Abilities, Weirdness & Mutations

You can breathe blasts of scalding, opaque steam.
Your pale cyan-grey scales are hard. (AC +6)
You cannot fit into any form of body armour.
You are cold-blooded and may be slowed by cold attacks.
You are immune to the effects of steam.
Your large and strong wings let you fly.


Message History

Found a stone staircase leading down.
No target in view!
l - 5 potions of heal wounds (gained 1)
You now have 256 gold pieces (gained 12).
You reach down and open the door.
There is an open door here.
You now have 270 gold pieces (gained 14).
Found a stone staircase leading up.
Key pressed, stopping explore.
No target in view!
Key pressed, stopping explore.
No target in view!
An orc warrior comes into view. It is wielding a +0 war axe.
Found a glowing long sword.
The orc warrior shouts!
The orc warrior unwields a +0 war axe.
The orc warrior wields a +0 arbalest.
The orc warrior shoots a bolt.
The bolt hits you.
Found a bloodstained altar of Trog.
The orc warrior shoots a bolt.
The bolt closely misses you.
An orc warrior is nearby!
The orc warrior shoots a bolt.
The bolt hits you!
An orc warrior is nearby!
The orc warrior shoots a bolt.
The bolt hits you!!
An orc warrior is nearby!
You are too injured to fight recklessly!
An orc warrior is nearby!
You are too injured to fight recklessly!
Aiming: Throw Flame
Press: ? - help, Shift-Dir - straight line, f - orc warrior
Aim: an orc warrior, wielding a +0 arbalest and wearing a +0 chain mail (64% to hit)
The puff of flame hits the orc warrior.
The orc warrior is lightly wounded.
The orc warrior shoots a bolt.
The bolt hits you!
Aiming: Breathe Steam (1% risk of failure)
Press: ? - help, Shift-Dir - straight line, f/p - orc warrior
Aim: an orc warrior, wielding a +0 arbalest and wearing a +0 chain mail (lightly wounded, 68% to hit)
You exhale a blast of scalding steam.
The orc warrior is engulfed in a cloud of scalding steam.
The orc warrior shoots a bolt.
The bolt hits you!!
You die...

.......#....#
...###.#....# ...#
#.#....# ### .>.#
#......# .§.# .#.#
#.....## #.o.# ...#
#....## #.§.# ####
#....# ##§o.# #....#
##.§§# #..# ##.@§#
#..# ##...## #..#
##...## ######..#
#....#
........####.####
###..........#####.#
...................#
######.####.########
#.# #.#


You could see an orc warrior.

Vanquished Creatures
  Grinder (D:4)
  A water moccasin (D:5)
  An ice beast (D:5)
  An ogre (D:5)
  A kobold brigand (Sewer)
  2 scorpions (D:4)
  3 vampire bats (D:3)
  3 jellies
  A gnoll shaman (D:3)
  2 hounds (D:5)
  Natasha (thrice) (D:2)
  2 iguanas
  Robin (D:2)
  9 gnolls
  8 adders
  7 river rats (Sewer)
  An ufetubus (D:5)
  2 worms
  3 dart slugs
  2 orcs (D:3)
  9 endoplasms
  7 giant cockroaches
  15 goblins
  11 hobgoblins
  7 jackals (D:2)
  2 quokkas
  12 ball pythons
  12 bats
  9 frilled lizards
  25 kobolds
  29 rats
192 creatures vanquished.

Notes
Turn   | Place    | Note
-------+----------+-------------------------------------------
     0 | D:1      | Lekart the Draconian Fighter began the quest for the Orb.
     0 | D:1      | Reached XP level 1. HP: 19/19 MP: 1/1
   181 | D:1      | Reached XP level 2. HP: 26/26 MP: 2/2
   607 | D:1      | Found a faded altar of an unknown god.
   887 | D:2      | Reached XP level 3. HP: 21/33 MP: 3/3
  1014 | D:2      | Noticed Robin
  1023 | D:2      | Killed Robin
  1041 | D:2      | Reached skill level 3 in Axes
  1368 | D:2      | Reached XP level 4. HP: 40/40 MP: 4/4
  1628 | D:2      | Noticed Natasha
  1633 | D:2      | Killed Natasha
  1698 | D:2      | Noticed Natasha
  1703 | D:2      | Killed Natasha
  1704 | D:2      | Reached XP level 5. HP: 32/46 MP: 5/5
  1854 | D:2      | Noticed Natasha
  1860 | D:2      | Killed Natasha
  1861 | D:2      | Reached skill level 4 in Axes
  2374 | D:3      | Reached XP level 6. HP: 50/53 MP: 6/6
  2400 | D:3      | Reached skill level 5 in Axes
  2847 | D:4      | Your scales start taking on a pale cyan-grey colour.
  2847 | D:4      | Reached XP level 7. HP: 28/60 MP: 7/7
  2847 | D:4      | Gained mutation: You are immune to the effects of steam.
                  | [Pale Draconian growth]
  3087 | D:4      | Found Qifrov Xani's Antique Armour Shoppe.
  3346 | D:4      | Reached skill level 6 in Axes
  3529 | D:4      | Noticed Grinder
  3529 | D:4      | Paralysed by Grinder for 3 turns
  3534 | D:4      | Killed Grinder
  3535 | D:4      | Reached skill level 5 in Fighting
  3852 | D:5      | Entered Level 5 of the Dungeon
  3986 | D:5      | Reached XP level 8. HP: 57/69 MP: 8/8
  4077 | D:5      | Found a glowing drain.
  4080 | D:5      | Reached skill level 7 in Axes
  4085 | Sewer    | Entered a sewer
  4887 | Sewer    | Gained mutation: Your spells are a little harder to cast,
                  | but a little more powerful. [potion of mutation]
  4887 | Sewer    | Gained mutation: Your natural rate of healing is unusually
                  | fast. [potion of mutation]
  4888 | Sewer    | Lost mutation: Your natural rate of healing is unusually
                  | fast. [potion of mutation]
  4888 | Sewer    | Lost mutation: Your spells are a little harder to cast, but
                  | a little more powerful. [potion of mutation]
  4888 | Sewer    | Gained mutation: You are clumsy. (Dex -2) [potion of
                  | mutation]
  5044 | D:5      | Reached skill level 5 in Dodging
  5050 | D:5      | Lost mutation: You are clumsy. (Dex -2) [potion of
                  | mutation]
  5050 | D:5      | Gained mutation: Your large and strong wings let you fly.
                  | [potion of mutation]
  5386 | D:5      | Reached skill level 8 in Axes
  5857 | D:5      | Found a bloodstained altar of Trog.
  5863 | D:5      | Shot with a bolt by an orc warrior

Illustrated notes

Levels and vault maps discovered:
D:1:      shiori_arrival_elements, layout_basic,
          hellmonk_ecumenical_altar_inner_sanctum
D:2:      layout_loops_ring, uniq_natasha, uniq_robin
D:3:      layout_rooms, roderic_batcave
D:4:      layout_loops_ring, serial_shops, nicolae_shop_trees, uniq_grinder
D:5:      layout_basic, nzn_overflow_gifts_of_might_and_magic,
          gup_sewer_entry_bubbles

Skill      XL: |  1  2  3  4  5  6  7  8 |
---------------+-------------------------+-----
Dodging        | 3 4 5 |  5.1
Axes           | 3 4 5 6 8 |  8.0
Fighting       | 4 5 |  5.8
Shields        | 4 |  4.3

Action                   |  1- 3 |  4- 6 |  7- 9 || total
-------------------------+-------+-------+-------++-------
Melee: War axe           |    77 |   103 |   178 ||   358
       Tailslap          |    10 |     9 |    27 ||    46
 Abil: Breathe Steam     |       |       |     3 ||     3
Evoke: Wand              |       |       |     1 ||     1
  Use: Scroll            |     6 |     6 |     4 ||    16
       Potion            |       |       |     3 ||     3
 Stab: Sleeping          |     1 |     1 |       ||     2
Armor: Skin              |    35 |    45 |    61 ||   141
Dodge: Dodged            |    66 |    89 |   123 ||   278
Block: Buckler           |    28 |    33 |    41 ||   102

Table legend: (Time is in decaauts)
 A = Elapsed time spent in this place.
 B = Non-inter-level travel time spent in this place.
 C = Inter-level travel time spent in this place.
 D = Time resting spent in this place.
 E = Time spent auto-exploring this place.
 F = Levels seen in this place.
 G = Mean time per level.
                   A        B        C        D        E       F      G
               +--------+--------+--------+--------+--------+-----+--------+
         Total |   6034 |   5970 |     64 |    439 |   4490 |   6 | 1005.7 |
       Dungeon |   5165 |   5101 |     64 |    439 |   3787 |   5 | 1033.0 |
         Sewer |    868 |    868 |      0 |      0 |    703 |   1 |  868.0 |
               +--------+--------+--------+--------+--------+-----+--------+

Top non-repeatable levels by time:
     D:2: 1235 daAuts
     D:5: 1213 daAuts
     D:4: 1134 daAuts
     D:1: 901 daAuts
   Sewer: 868 daAuts
     D:3: 682 daAuts
